 Dungeon Crawl Stone Soup version 0.31-a0-217-g58bb5d7 (webtiles) character file.

Game seed: 6282581174693006180

70 lyrin the Shooter (level 4, -1/26 HPs)
             Began as a Deep Elf Hunter on July 2, 2023.
             Killed from afar by Sigmund (7 damage)
             ... with a magic dart
             ... on level 3 of the Dungeon.
             The game lasted 00:02:26 (1640 turns).

lyrin the Shooter (Deep Elf Hunter)                 Turns: 1640, Time: 00:02:26

Health: -1/26      AC:  3    Str:  8    XL:     4   Next: 4%
Magic:  15/15      EV: 12    Int: 14    God:
Gold:   103        SH:  0    Dex: 20    Spells: 3/3 levels left

rFire   . . .        a - +0 shortbow
rCold   . . .        (shield currently unavailable)
rNeg    . . .        c - +0 leather armour
rPois   .            (no helmet)
rElec   .            (no cloak)
rCorr   .            (no gloves)
SInv    .            (no boots)
Will    .....        (no amulet)
Stlth   ++           e - ring of magical power
HPRegen 0.24/turn    (no ring)
MPRegen 0.14/turn

%: no passive effects
@: no status effects
A: no striking features
a: no special abilities


You were on level 3 of the Dungeon.
You visited 1 branch of the dungeon, and saw 3 of its levels.

You collected 103 gold pieces.

Inventory:

Hand Weapons
 a - a +0 shortbow (weapon)
Missiles
 d - 5 poisoned darts
Armour
 c - a +0 leather armour (worn)
Magical Staves
 n - a staff of fire
Jewellery
 e - a ring of magical power (left hand)
Scrolls
 b - a scroll of butterflies
 g - a scroll of identify
 j - a scroll of fear {unknown}
 m - a scroll of blinking
 q - 2 scrolls of amnesia
Potions
 f - 2 potions of enlightenment {unknown}
 h - a potion of berserk rage {unknown}
 i - a potion of experience {unknown}
 k - 3 potions of mutation {unknown}
 l - a potion of haste {unknown}
 o - a potion of curing {unknown}
 p - a potion of attraction {unknown}


   Skills:
 + Level 1.9 Fighting
 + Level 6.8 Ranged Weapons
 + Level 0.9 Armour
 + Level 2.7 Dodging
 + Level 1.2 Stealth


You had 3 spell levels left.
You didn't know any spells.
Your spell library contained the following spells:

 Spells                   Type           Power      Damage    Failure   Level
 Fireball                 Conj/Fire      0%         3d3       100%        5
 Iskenderun's Battlesphe  Conj           0%         2d6       100%        5
 Conjure Ball Lightning   Conj/Air       0%         3x3d6     100%        6
 Orb of Destruction       Conj           0%         9d5       100%        7


Dungeon Overview and Level Annotations

Branches:
Dungeon (3/15)

Altars:

Annotations:
D:3 Sigmund


Message History

The endoplasm freezes you.
You are frozen.
You shoot an arrow. The arrow hits the endoplasm.
You kill the endoplasm!
Found a stone staircase leading up.
There is a stone staircase leading up here.
There is an escape hatch in the floor here.
Found 6 stones.
Sigmund screams, "Don't try to resist!"
Sigmund gestures at you while chanting.
You are confused.
Sigmund casts a spell at you.
You are more confused.
Sigmund points at you and mumbles some strange words.
The puff of flame misses you.
Sigmund points at you and mumbles some strange words.
The magic dart hits you! Sigmund casts a spell at you.
You resist with some effort.
Sigmund drinks a potion.
Sigmund seems to grow stronger.
Sigmund closely misses you.
You feel less confused.
Sigmund hits you from afar with a +0 scythe!
* * * LOW HITPOINT WARNING * * *
Sigmund casts a spell.
Sigmund flickers and vanishes!
Deactivating autopickup; reactivate with Ctrl-A.
As you read the scroll labelled ITEIPL EPAYT, it crumbles to dust.
It is a scroll of identify.
q - 2 scrolls of amnesia Blink to where?
Press: ? - help, Dir - move target
As you read the scroll labelled CETHISTR XISH, it crumbles to dust.
It was a scroll of blinking.
A puff of flame appears from out of thin air!
The puff of flame hits you.
* * * LOW HITPOINT WARNING * * *
A magic dart appears from out of thin air!
The magic dart hits you!
You die...

......# ####### #############
##### #...........# #...#
############...........######.#.#
...........{..............>...#.#
###......###...........###.####.#
# #......# #.).........##..<..#.#
# #......# #....@......##...#.#..
###..†..)# #...........##...#+###
#........# #...........##......##
#........# ##############......##
#........# #......## #........#
#..#...## #.....#### #........
#.....# ##.#...## ####### #..†<#


There were no monsters in sight!

Vanquished Creatures
  Natasha (D:3)
  A worm (D:2)
  2 dart slugs
  3 ball pythons
  5 bats
  3 endoplasms
  A giant cockroach (D:2)
  4 goblins
  7 hobgoblins
  2 frilled lizards (D:2)
  2 kobolds
  5 rats
36 creatures vanquished.

Notes
Turn   | Place    | Note
-------+----------+-------------------------------------------
     0 | D:1      | lyrin the Deep Elf Hunter began the quest for the Orb.
     0 | D:1      | Reached XP level 1. HP: 12/12 MP: 3/3
   366 | D:1      | Reached XP level 2. HP: 17/17 MP: 4/4
   696 | D:2      | Reached skill level 6 in Ranged Weapons
  1001 | D:2      | Reached XP level 3. HP: 21/21 MP: 5/5
  1431 | D:3      | Noticed Natasha
  1437 | D:3      | Killed Natasha
  1487 | D:3      | Reached XP level 4. HP: 26/26 MP: 6/6
  1495 | D:3      | Noticed Sigmund
  1640 | D:3      | Killed from afar by Sigmund

Illustrated notes

Levels and vault maps discovered:
D:1:      ebering_trefoil_3fold, layout_loops_ring,
          chequers_serial_rivers_micro_b
D:2:      layout_loops_ring, nicolae_elevator_lobby_plus
D:3:      layout_basic, kennysheep_big_empty_room, uniq_robin, uniq_natasha,
          uniq_sigmund, uniq_crazy_yiuf_cottage

Skill      XL: |  1  2 |
---------------+-------+-----
Ranged Weapons | 6 |  6.8
Fighting       | |  1.9
Armour         | |  0.9
Dodging        | |  2.7
Stealth        | |  1.2

Action                     |  1- 3 |  4- 6 || total
---------------------------+-------+-------++-------
   Fire: Shortbow          |    87 |     6 ||    93
    Use: Scroll            |       |     2 ||     2
 Armour: Leather armour    |     9 |       ||     9
  Dodge: Dodged            |    27 |     2 ||    29

Table legend: (Time is in decaauts)
 A = Elapsed time spent in this place.
 B = Non-inter-level travel time spent in this place.
 C = Inter-level travel time spent in this place.
 D = Time resting spent in this place.
 E = Time spent auto-exploring this place.
 F = Levels seen in this place.
 G = Mean time per level.
                   A        B        C        D        E       F      G
               +--------+--------+--------+--------+--------+-----+--------+
         Total |   1654 |   1617 |     37 |      0 |   1339 |   3 |  551.3 |
       Dungeon |   1654 |   1617 |     37 |      0 |   1339 |   3 |  551.3 |
               +--------+--------+--------+--------+--------+-----+--------+

Top non-repeatable levels by time:
     D:1: 688 daAuts
     D:2: 679 daAuts
     D:3: 286 daAuts
